 Dungeon Crawl Stone Soup version 0.28.0-53-g5a82cb258f (webtiles) character file.

Game seed: 16491064817798333937

15 styxcanada the Sneak (level 2, 0/15 HPs)
             Began as a Spriggan Brigand on July 3, 2022.
             Slain by an adder (2 damage)
             ... on level 2 of the Dungeon.
             The game lasted 00:01:58 (746 turns).

styxcanada the Sneak (Spriggan Brigand)              Turns: 746, Time: 00:01:59

Health: 0/15       AC:  3    Str:  7    XL:     2   Next: 34%
Magic:  3/3        EV: 16    Int: 12    God:
Gold:   50         SH:  0    Dex: 16    Spells: 1/1 levels left

rFire   . . .      SeeInvis +   a - +2 dagger
rCold   . . .      Faith    .   (no shield)
rNeg    . . .      Spirit   .   b - +0 robe
rPois   .          Reflect  .   (helmet restricted)
rElec   .          Harm     .   c - +0 cloak
rCorr   .          Rampage  .   (gloves unavailable)
Will    .....                   (boots unavailable)
Stlth   +++.......              (no amulet)
HPRegen 0.05/turn               (no ring)
MPRegen 0.08/turn               (no ring)

@: very quick
A: very small, no large weapons, unfitting armour, see invisible, speed 3,
hooves 1, horns 1
a: no special abilities


You were on level 2 of the Dungeon.
You visited 1 branch of the dungeon, and saw 2 of its levels.

You collected 50 gold pieces.

Inventory:

Hand Weapons
 a - a +2 dagger (weapon)
 f - a +2 hunting sling of flaming
Missiles
 d - 8 poisoned darts (quivered)
 e - 2 curare-tipped darts
Armour
 b - a +0 robe (worn)
 c - a +0 cloak (worn)
Scrolls
 i - 3 scrolls of identify {unknown}
 j - a scroll of fear {unknown}
 l - a scroll of fog {unknown}
 m - a scroll of immolation {unknown}
Potions
 h - a potion of degeneration {unknown}
 k - a potion of might {unknown}


   Skills:
 * Level 1.6 Fighting
 + Level 2.2 Short Blades
 + Level 2.1 Throwing
 * Level 1.4 Dodging
 * Level 6.6 Stealth
 * Level 0.2 Spellcasting


You had one spell level left.
You didn't know any spells.
Your spell library contained the following spells:

 Spells                   Type           Power      Damage    Failure   Level
 Slow                     Hex            0%         N/A       32%         1
 Ensorcelled Hibernation  Hex/Ice        0%         N/A       45%         2
 Confusing Touch          Hex            0%         N/A       69%         3
 Spider Form              Tmut/Pois      0%         N/A       69%         3
 Vampiric Draining        Necr           0%         2d6       69%         3
 Anguish                  Hex/Necr       0%         N/A       97%         4


Dungeon Overview and Level Annotations

Branches:
Dungeon (2/15)

Altars:


Innate Abilities, Weirdness & Mutations

You are very small and have problems with some larger weapons.
You are too small for most types of armour.
You have supernaturally acute eyesight. (SInv)
You cover ground extremely quickly. (Speed+++)
You have large cloven feet.
You have a pair of small horns on your head.


Message History

You feel sick. The adder barely misses you.
You completely miss the adder.
The adder is moderately wounded.
* * * LOW HITPOINT WARNING * * *
You feel sick. The adder closely misses you.
It was a potion of mutation.
You feel extremely strange.
Your feet thicken and deform.
A pair of horns grows on your head!
* * * LOW HITPOINT WARNING * * *
You feel sick.
You are no longer poisoned.
The adder barely misses you.
You closely miss the adder. You kick the adder.
The adder is severely wounded.
The adder completely misses you.
You miss the adder. You kick the adder. Your headbutt misses the adder.
The adder is almost dead.
The adder closely misses you.
You closely miss the adder. You kick the adder, but do no damage.
Your headbutt misses the adder.
The adder is almost dead.
The adder closely misses you. The adder barely misses you.
You closely miss the adder. Your kick misses the adder.
The adder is almost dead.
The adder closely misses you.
You barely miss the adder.
The adder is almost dead.
The adder closely misses you.
You hit the adder.
You kill the adder!
You have reached level 2!
You now have 50 gold pieces (gained 10).
You start resting.
An adder comes into view.
The adder hisses angrily.
You barely miss the adder. Your kick misses the adder. The adder bites you.
* * * LOW HITPOINT WARNING * * *
You hit the adder. You kick the adder.
The adder is severely wounded.
The adder bites you.
You die...

###.###
#.#####.######
.............#
..####.......#
#######
#..####.###.....>
#..#..........###
#..#.##.#.......##.
#..# #.#..........
#... ..#..@....##
#### ######S..###
#.).... ..######
... .... .....
......


You could see an adder.

Vanquished Creatures
  An adder (D:2)
  An endoplasm (D:1)
  A giant cockroach (D:1)
  2 kobolds (D:1)
  A bat (D:1)
6 creatures vanquished.

Notes
Turn   | Place    | Note
-------+----------+-------------------------------------------
     0 | D:1      | styxcanada the Spriggan Brigand began the quest for the
                  | Orb.
     0 | D:1      | Reached XP level 1. HP: 10/10 MP: 2/2
    47 | D:1      | Reached skill level 6 in Stealth
   380 | D:1      | Found a faded altar of an unknown god.
   725 | D:2      | Gained mutation: You have large cloven feet. [potion of
                  | mutation]
   725 | D:2      | Gained mutation: You have a pair of small horns on your
                  | head. [potion of mutation]
   732 | D:2      | Reached XP level 2. HP: 2/15 MP: 3/3
   746 | D:2      | Slain by an adder

Illustrated notes

Levels and vault maps discovered:
D:1:      ncdulo_smallfort, layout_basic, basic_ecumenical_altar
D:2:      layout_loops_cross, minmay_misc_feat_enclosed

Skill      XL: |  1 |
---------------+----+-----
Stealth        | 6 |  6.6
Fighting       | |  1.6
Short Blades   | |  2.2
Throwing       | |  2.1
Dodging        | |  1.4
Spellcasting   | |  0.2

Action                   || total
-------------------------++-------
Melee: Dagger            ||    19
       Kick              ||     4
  Use: Potion            ||     1
 Stab: Sleeping          ||     4
Dodge: Dodged            ||    13
